 Dungeon Crawl Stone Soup version 0.29-a0-22-gbf593b16ee (webtiles) character file.

Game seed: 18443109354548528155

18 ragingrage the Firebug (level 2, -1/24 HPs)
             Began as an Ogre Fire Elementalist on Jan 29, 2022.
             Slain by a rat (2 damage)
             ... on level 2 of the Dungeon.
             The game lasted 00:00:37 (1114 turns).

ragingrage the Firebug (Ogre Fire Elementalist)     Turns: 1114, Time: 00:00:37

Health: -1/24      AC:  3    Str: 11    XL:     2   Next: 66%
Magic:  5/5        EV:  9    Int: 16    God:
Gold:   19         SH:  0    Dex:  9    Spells: 5/6 levels left

rFire   . . .      SeeInvis .   b - +0 dagger
rCold   . . .      Faith    .   (no shield)
rNeg    . . .      Spirit   .   a - +0 robe
rPois   .          Reflect  .   (helmet restricted)
rElec   .          Harm     .   (no cloak)
rCorr   .          Rampage  .   (gloves unavailable)
Will    .....                   (boots unavailable)
Stlth   +.........              (no amulet)
HPRegen 0.08/turn               (no ring)
MPRegen 0.09/turn               (no ring)

@: no status effects
A: large, unfitting armour, tough skin 1
a: no special abilities


You were on level 2 of the Dungeon.
You visited 1 branch of the dungeon, and saw 2 of its levels.

You collected 19 gold pieces.

Inventory:

Hand Weapons
 b - a +0 dagger (weapon)
Armour
 a - a +0 robe (worn)
Scrolls
 c - 2 scrolls of identify {unknown}
 d - a scroll of enchant weapon {unknown}
Potions
 e - a potion of heal wounds {unknown}
 f - a potion of invisibility {unknown}


   Skills:
 - Level 1.7 Dodging
 - Level 1.4 Stealth
 + Level 2.9 Spellcasting
 + Level 1.4 Conjurations
 + Level 3.0 Fire Magic


You had 5 spell levels left.
You knew the following spells:

 Your Spells              Type           Power      Damage    Failure   Level
a - Foxfire               Conj/Fire      36%        2x1d5     8%          1

Your spell library contained the following spells:

 Spells                   Type           Power      Damage    Failure   Level
 Scorch                   Fire           24%        2d6       9%          2
 Conjure Flame            Conj/Fire      9%         6-21      22%         3
 Inner Flame              Hex/Fire       7%         N/A       30%         3
 Flame Wave               Conj/Fire      9%         2d5       58%         4


Dungeon Overview and Level Annotations

Branches:
Dungeon (2/15)

Altars:

Shops:
D:1 [

Annotations:
D:2 Sigmund


Innate Abilities, Weirdness & Mutations

You are too large for most types of armour.
You have tough skin. (AC +1)


Message History

Sigmund shouts!
The jackal barks!
The endoplasm quivers.
Found 15 stones.
There is a stone staircase leading up here.
There are monsters nearby!
There are monsters nearby!
The jackal barks!
Sigmund casts a spell at you.
You are confused.
In your confused state, you trip and fall back down the stairs.
The jackal barely misses you.
The endoplasm hits you but does no damage.
HP restored.
The jackal closely misses you. The jackal bites you. The endoplasm hits you.
In your confused state, you trip and fall back down the stairs.
The jackal barely misses you.
The jackal bites you but does no damage.
Sigmund barely misses you.
The endoplasm hits you but does no damage.
The jackal bites you.
The jackal bites you but does no damage.
The rat twitches its whiskers.
The rat bites you but does no damage. The endoplasm misses you.
The jackal bites you but does no damage.
In your confused state, you trip and fall back down the stairs.
The iguana hisses angrily.
The jackal closely misses you.
Sigmund hits you from afar with a +0 scythe!
The jackal bites you but does no damage.
The jackal barely misses you. The rat misses you. The endoplasm freezes you.
You are frozen.
* * * LOW HITPOINT WARNING * * *
You feel less confused. The jackal closely misses you. The jackal bites you.
* * * LOW HITPOINT WARNING * * *
Sigmund hits you from afar with a +0 scythe.
* * * LOW HITPOINT WARNING * * *
The rat bites you.
You die...

..#.#.....
....#.....
#......... .
##......... ...
#........
..l.#..(...
.......Jr###...
#@.@.......
#...hh.......
.............##
##≈#........##
#≈ ##≈....### ≈
≈#...## ≈≈#≈..#
≈≈#≈≈..#


You could see Sigmund, an iguana, an endoplasm, 2 jackals and a rat.

Vanquished Creatures
  A dart slug (D:1)
  2 ball pythons (D:1)
  3 endoplasms (D:1)
  A giant cockroach (D:1)
  3 goblins (D:1)
  A hobgoblin (D:1)
  A bat (D:1)
  A rat (D:1)
13 creatures vanquished.

Vanquished Creatures (others)
  44 foxfires (D:1)
44 creatures vanquished.

Grand Total: 57 creatures vanquished

Notes
Turn   | Place    | Note
-------+----------+-------------------------------------------
     0 | D:1      | ragingrage the Ogre Fire Elementalist began the quest for
                  | the Orb.
     0 | D:1      | Reached XP level 1. HP: 16/16 MP: 3/3
    24 | D:1      | Reached skill level 1 in Conjurations
   363 | D:1      | Reached XP level 2. HP: 24/24 MP: 5/5
   400 | D:1      | Found Nuxzel's Antique Armour Shoppe.
   496 | D:1      | Found a faded altar of an unknown god.
   719 | D:1      | Reached skill level 3 in Fire Magic
  1107 | D:2      | Noticed Sigmund
  1114 | D:2      | HP: 1/24 [Sigmund (3)]
  1114 | D:2      | Slain by a rat

Illustrated notes

Levels and vault maps discovered:
D:1:      amcnicky_arrival_choice, layout_loops_ring,
          hellmonk_ecumenical_altar_prayer_group, serial_shops, shop,
          minmay_misc_feat_secret_circle
D:2:      layout_rooms, minivault_4, minmay_goblin_outpost, uniq_terence,
          uniq_sigmund

Skill      XL: |  1  2 |
---------------+-------+-----
Conjurations   | 1 |  1.4
Fire Magic     | 3 |  3.0
Dodging        | |  1.7
Stealth        | |  1.4
Spellcasting   | |  2.9

Action                   || total
-------------------------++-------
Melee: Dagger            ||    10
       Unarmed           ||     1
 Cast: Foxfire           ||    30
Armor: Robe              ||     9
Dodge: Dodged            ||    15

Table legend: (Time is in decaauts)
 A = Elapsed time spent in this place.
 B = Non-inter-level travel time spent in this place.
 C = Inter-level travel time spent in this place.
 D = Time resting spent in this place.
 E = Time spent auto-exploring this place.
 F = Levels seen in this place.
 G = Mean time per level.
                   A        B        C        D        E       F      G
               +--------+--------+--------+--------+--------+-----+--------+
         Total |   1113 |   1097 |     16 |    234 |    747 |   2 |  556.5 |
       Dungeon |   1113 |   1097 |     16 |    234 |    747 |   2 |  556.5 |
               +--------+--------+--------+--------+--------+-----+--------+

Top non-repeatable levels by time:
     D:1: 1106 daAuts
     D:2: 6 daAuts
